 Dungeon Crawl Stone Soup version 0.22-a0-479-gc6e99f3 (webtiles) character file.

348 Alabard the Cudgeler (level 6, -4/62 HPs)
             Began as a Troll Monk on June 14, 2018.
             Was an Initiate of Gozag.
             Slain by ThereIsNoGod's ghost (6 damage)
             ... on level 4 of the Dungeon.
             The game lasted 00:14:37 (2863 turns).

Alabard the Cudgeler (Troll Monk)                   Turns: 2863, Time: 00:14:37

Health: -4/62      AC:  6    Str: 22    XL:     6   Next: 33%
Magic:  5/5        EV: 11    Int:  6    God:    Gozag
Gold:   174        SH:  0    Dex: 12    Spells: 5/5 levels left

rFire    . . .     SeeInvis .   a - +0 mace
rCold    . . .     Gourm    +   (no shield)
rNeg     . . .     Faith    .   b - +1 robe
rPois    .         Spirit   .   (helmet restricted)
rElec    .         Reflect  .   (no cloak)
rCorr    .         Harm     .   (gloves unavailable)
MR       ++...                  (boots unavailable)
Stlth    ++........             (no amulet)
HPRegen  0.60/turn              d - ring of protection from magic
MPRegen  0.09/turn              e - ring of protection from magic

@: about to teleport
A: large, unfitting armour, claws 3, fast metabolism 3, gourmand, regeneration
1, shaggy fur 1, tough skin 2
a: Potion Petition, Call Merchant, Bribe Branch, Renounce Religion


You were on level 4 of the Dungeon.
You worshipped Gozag.
Gozag was aware of your devotion.
You were not hungry.

You visited 1 branch of the dungeon, and saw 4 of its levels.

You collected 174 gold pieces.

Inventory:

Hand Weapons
 a - a +0 mace (weapon)
Armour
 b - a +1 robe (worn)
Jewellery
 d - a ring of protection from magic (left claw)
 e - a ring of protection from magic (right claw)
 k - a +2 ring of strength {unknown}
 r - an uncursed ring of protection from magic
Scrolls
 f - a scroll of fear {unknown}
 g - 3 scrolls of identify
 h - 2 scrolls of remove curse
 i - 2 scrolls of teleportation
 j - a scroll of magic mapping {unknown}
 m - a scroll of amnesia {unknown}
 o - 3 scrolls of enchant weapon {unknown}
 q - a scroll of enchant armour
Potions
 l - 2 potions of brilliance
 p - a potion of cancellation {unknown}
 t - 2 potions of heal wounds {unknown}
Comestibles
 c - 7 rations


   Skills:
 + Level 3.9 Fighting
 + Level 4.3 Maces & Flails
 + Level 3.9 Dodging
 - Level 1.0 Stealth


You had 5 spell levels left.
You didn't know any spells.
Your spell library was empty.

Dungeon Overview and Level Annotations

Branches:
Dungeon (4/15)
 Temple: D:4-7

Altars:
Gozag
Kikubaaqudgha

Shops:
D:3 *

Annotations:
D:4 ThereIsNoGod's ghost, novice DrTm


Innate Abilities, Weirdness & Mutations

You are too large for most types of armour.
You have claws for hands.
Your metabolism is lightning-fast.
You like to eat raw meat.
Your natural rate of healing is unusually fast.
You are covered in fur. (AC +1)
You have very tough skin. (AC +2)


Message History

ThereIsNoGod's ghost is heavily damaged.
You feel sick. ThereIsNoGod's ghost hits you.
You hit ThereIsNoGod's ghost but do no damage.
ThereIsNoGod's ghost is heavily damaged.
ThereIsNoGod's ghost hits you!
* * * LOW HITPOINT WARNING * * *
You feel better. ThereIsNoGod's ghost hits you!
* * * LOW HITPOINT WARNING * * *
You feel better. ThereIsNoGod's ghost hits you!
* * * LOW HITPOINT WARNING * * *
As you read the scroll of teleportation, it crumbles to dust.
You feel strangely unstable.
ThereIsNoGod's ghost closely misses you.
ThereIsNoGod's ghost hits you!
* * * LOW HITPOINT WARNING * * *
ThereIsNoGod's ghost closely misses you.
There is a stone staircase leading up, spattered with blood here.
ThereIsNoGod's ghost hits you.
You die...
Your body crumbles into a pile of gold.

## .#####. ..#
.........####..#
#.######......##
#.............##
.##...(......##
#.##.......# $
#..#....##.#
#.###.##(#.# ..
#....@W..#.# .
#.######.#..
..#### ##.# #.#
$ #$# $ #.# $
#.#


You could see ThereIsNoGod's ghost.

Vanquished Creatures
  The ghost of melvinkitnick the Poker, an amateur CeFi (D:3)
  Robin (D:3)
  4 gnolls (D:3)
  6 adders
  An ooze (D:3)
  A worm (D:2)
  4 dart slugs
  9 leopard geckos
  2 orcs (D:3)
  3 giant cockroaches
  16 goblins
  9 hobgoblins
  3 jackals (D:1)
  8 bats
  5 frilled lizards
  6 kobolds
  6 rats
85 creatures vanquished.

Notes
Turn   | Place    | Note
-------+----------+-------------------------------------------
     0 | D:1      | Alabard the Troll Monk began the quest for the Orb.
     0 | D:1      | Reached XP level 1. HP: 22/22 MP: 0/0
   214 | D:1      | Reached XP level 2. HP: 25/29 MP: 1/1
   372 | D:1      | Reached skill level 3 in Maces & Flails
   750 | D:2      | Found an ancient bone altar of Kikubaaqudgha.
   831 | D:2      | Reached XP level 3. HP: 36/36 MP: 2/2
  1171 | D:2      | Reached XP level 4. HP: 43/45 MP: 3/3
  1610 | D:3      | Noticed melvinkitnick's ghost (amateur CeFi)
  1639 | D:3      | Killed melvinkitnick's ghost
  1639 | D:3      | Reached skill level 4 in Maces & Flails
  1639 | D:3      | Reached XP level 5. HP: 7/54 MP: 4/4
  1855 | D:3      | Reached XP level 6. HP: 43/62 MP: 5/5
  1863 | D:3      | HP: 3/62 [gnoll/stone (1)]
  2068 | D:3      | Noticed Robin
  2551 | D:3      | Killed Robin
  2607 | D:3      | Found an opulent altar of Gozag.
  2607 | D:3      | Found Gozag's Platinum Reserve.
  2674 | D:3      | Became a worshipper of Gozag Ym Sagoz the Greedy
  2832 | D:4      | Noticed ThereIsNoGod's ghost (novice DrTm)
  2861 | D:4      | HP: 1/62 [ThereIsNoGod's ghost (7)]
  2863 | D:4      | Slain by ThereIsNoGod's ghost

Vault maps used:
D:1:      scummos_arrival_forest, serial_forest, infiniplex_forest_clump_long,
          infiniplex_forest_straight_2, infiniplex_forest_lined_3_way,
          infiniplex_forest_lined_2, infiniplex_forest_lined_2,
          infiniplex_forest_diagonal
D:2:      kiku_gazebo_pond_becter
D:3:      nicolae_gozag_zags_fifth_avenue, minivault_4, uniq_robin
D:4:      lemuel_doored_altar, elyvilon_altar_4, kennysheep_orc_chapel,
          uniq_sigmund, uniq_menkaure, uniq_duvessa

Skill      XL: |  1  2  3  4 |
---------------+-------------+-----
Maces & Flails | 3 4 |  4.3
Fighting       | 3 |  3.9
Dodging        | 3 |  3.9
Stealth        | |  1.0

Action                   |  1- 3 |  4- 6 || total
-------------------------+-------+-------++-------
Melee: Mace              |   142 |   189 ||   331
  Use: Potion            |       |     5 ||     5
       Scroll            |       |     6 ||     6
 Stab: Sleeping          |     3 |     1 ||     4
  Eat: Chunk             |    17 |    10 ||    27
Armor: Robe              |    61 |    71 ||   132
Dodge: Dodged            |    87 |   162 ||   249

Table legend:
 A = Spawn XP
 B = Non-spawn XP
 C = Spawn XP percentage of total XP
 D = Spawn monster count
 E = Non-spawn monster count
 F = Spawn count percentage of total count
 G = Total turns spent on level
                    A         B        C        D         E        F      G
               +---------+---------+-------+---------+---------+-------+---------
         Total |       0 |     498 |   0.0 |       0 |      85 |   0.0 |  2863
               +---------+---------+-------+---------+---------+-------+---------
           D:1 |       0 |      32 |   0.0 |       0 |      18 |   0.0 |   725
           D:2 |       0 |     100 |   0.0 |       0 |      28 |   0.0 |   954
           D:3 |       0 |     353 |   0.0 |       0 |      38 |   0.0 |  1150
           D:4 |       0 |      13 |   0.0 |       0 |       1 |   0.0 |    34
               +---------+---------+-------+---------+---------+-------+---------
